 Dungeon Crawl Stone Soup version 0.19.5 (webtiles) character file.

1299 spiff the Cudgeler (level 8, -1/78 HPs)
             Began as a Naga Warper on Mar 30, 2017.
             Slain by an ogre
             ... wielding a +0 giant club
              (7 damage)
             ... on level 6 of the Dungeon.
             The game lasted 00:28:18 (7635 turns).

spiff the Cudgeler (Naga Warper)                    Turns: 7635, Time: 00:28:19

Health: -1/78      AC:  5    Str: 13    XL:     8   Next: 56%
Magic:  12/20      EV:  9    Int: 16    God:
Gold:   225        SH:  0    Dex: 14    Spells: 3 memorised, 4 levels left

rFire  . . .     SeeInvis +     a - +3 dire flail
rCold  . . .     Gourm    .     B - +1 leather armour {rN+}
rNeg   + . .     Faith    .     (shield currently unavailable)
rPois  +         Spirit   .     (no helmet)
rElec  .         Reflect  .     (no cloak)
rCorr  .         Harm     .     (no gloves)
MR     +....                    (no barding)
Stlth  ++........               (no amulet)
                                n - ring of magical power
                                w - +3 ring of intelligence

@: short of breath, very slightly contaminated, hasted, drained, quick
A: see invisible, deformed body, poison resistance, slowness 2, slow metabolism
1, spit poison 1, AC +2
a: Spit Poison


You were on level 6 of the Dungeon.
You were near starving.

You visited 1 branch of the dungeon, and saw 6 of its levels.

You collected 225 gold pieces.

Inventory:

Hand Weapons
 a - a +3 dire flail (weapon)
 h - a +2 hunting sling of flaming
 C - a +0 morningstar
Missiles
 e - 5 tomahawks of dispersal (quivered)
 j - 120 stones
 l - 5 tomahawks
Armour
 b - a +0 leather armour
 B - a +1 leather armour of positive energy (worn)
Jewellery
 n - a ring of magical power (right hand)
 w - a +3 ring of intelligence (left hand)
Wands
 q - a wand of polymorph (16/24)
Scrolls
 u - 3 scrolls of remove curse
 A - 2 scrolls of enchant armour
 E - 2 scrolls of recharging
Potions
 d - a potion of heal wounds {unknown}
 i - 3 potions of flight
 r - 2 potions of ambrosia
 t - a potion of agility {unknown}
 v - a potion of might {unknown}
 z - 2 potions of brilliance
Books
 c - a book of Spatial Translocations

   Spells                             Type                      Level
   a - Blink                          Translocation                2
   b - Shroud of Golubria             Charms/Translocation         2
   c - Lesser Beckoning               Translocation                3
   d - Portal Projectile              Translocation                3
   e - Teleport Other                 Translocation                3
   f - Passage of Golubria            Translocation                4
Comestibles
 f - 6 bread rations
 o - 2 beef jerkies
 p - 3 meat rations
 F - 2 slices of pizza


   Skills:
 + Level 6.9(6.1) Fighting
 + Level 7.0(6.2) Maces & Flails
 - Level 0.8(0.2) Throwing
 - Level 0.8(0.2) Armour
 - Level 1.5(0.9) Dodging
 - Level 5.0(4.3) Stealth
 - Level 2.0(1.3) Spellcasting
 - Level 3.0(2.3) Translocations


You had 4 spell levels left.
You knew the following spells:

 Your Spells              Type           Power        Failure   Level  Hunger
a - Shroud of Golubria    Chrm/Tloc      #.........   34%         2    ###....
b - Blink                 Tloc           N/A          17%         2    ###....
c - Lesser Beckoning      Tloc           #.........   34%         3    ####...


Dungeon Overview and Level Annotations

Branches:
Dungeon (6/15)
 Temple: D:4-7

Altars:


Innate Abilities, Weirdness & Mutations

You cannot wear boots.
Your serpentine skin is tough. (AC +2)
You have supernaturally acute eyesight. (SInv)
Armour fits poorly on your strangely shaped body.
Your system is resistant to poisons. (rPois)
You cover ground very slowly.
You have a slow metabolism.
You can spit poison.


Message History

You are near starving!
Your shroud bends the ogre's attack away!!
The human zombie hits you but does no damage.
You hit the ogre.
The ogre is lightly wounded.
The ogre hits you with a giant club!
* * * LOW HITPOINT WARNING * * *
The human zombie closely misses you.
You completely miss the ogre.
The ogre is lightly wounded.
The ogre hits you with a giant club!
* * * LOW HITPOINT WARNING * * *
Okay, then.
Casting: Shroud of Golubria
Confirm with . or Enter, or press ? or * to list all spells.
You blink.
It was a potion of haste.
You feel yourself speed up.
Your shroud begins to fray at the edges.
The ogre hits you with a giant club!
You die...

#.... ... .. .# .# # .#
# .. Z # .# .) #. .#
#.. #..####.# ....
#...ZO@.# .#.##
#.####ยง.####.# . .# #
#....O.# #.########.#
#.#####.# )..........#
#.# ........#######)#
#.#####.##...##)#####.
#.#####.#.............#
#.............#........


You could see an ogre and a human zombie.

Vanquished Creatures
  An ice beast (D:6)
  A phantom (D:4)
  A centaur (D:6)
  2 ogres
  4 wights (D:6)
  2 crimson imps
  3 hounds
  A jelly (D:5)
  An iguana (D:5)
  4 orc wizards (D:5)
  5 worker ants
  3 gnolls (D:4)
  11 adders
  An adder skeleton (D:4)
  A worm (D:2)
  5 dart slugs
  9 leopard geckos
  13 orcs
  A ball python (D:2)
  5 bats
  3 giant cockroaches
  7 goblins
  12 hobgoblins
  6 jackals
  8 kobolds
  3 quokkas
  6 frilled lizards
  A jackal skeleton (D:4)
  A leopard gecko skeleton (D:5)
  A quokka zombie (D:6)
  3 rats
125 creatures vanquished.

Notes
Turn   | Place    | Note
-------+----------+-------------------------------------------
     0 | D:1      | spiff the Naga Warper began the quest for the Orb.
     0 | D:1      | Reached XP level 1. HP: 19/19 MP: 3/3
   226 | D:1      | Reached skill level 1 in Stealth
   632 | D:1      | Reached XP level 2. HP: 12/26 MP: 5/5
  1013 | D:2      | Learned a level 2 spell: Blink
  1018 | D:2      | Learned a level 2 spell: Shroud of Golubria
  1343 | D:2      | Reached XP level 3. HP: 33/33 MP: 6/6
  1730 | D:2      | Reached XP level 4. HP: 39/40 MP: 7/7
  1796 | D:2      | Reached skill level 3 in Maces & Flails
  3015 | D:2      | Reached XP level 5. HP: 49/49 MP: 8/8
  4212 | D:4      | Noticed a phantom
  4290 | D:3      | Reached skill level 5 in Stealth
  4440 | D:4      | Reached skill level 4 in Maces & Flails
  4440 | D:4      | Reached XP level 6. HP: 51/57 MP: 9/9
  4716 | D:4      | Learned a level 3 spell: Lesser Beckoning
  4718 | D:5      | Entered Level 5 of the Dungeon
  5100 | D:4      | Reached XP level 7. HP: 66/66 MP: 10/10
  5208 | D:4      | Reached skill level 5 in Maces & Flails
  5435 | D:4      | Reached skill level 5 in Fighting
  6597 | D:6      | Reached skill level 6 in Maces & Flails
  6597 | D:6      | Reached XP level 8. HP: 38/76 MP: 11/11
  7605 | D:6      | Reached skill level 7 in Maces & Flails
  7635 | D:6      | Slain by an ogre

Skill      XL: |  1  2  3  4  5  6  7  8 |
---------------+-------------------------+-----
Stealth        | 1 2 3 4 5 |  5.0
Maces & Flails | 3 4 6 7 |  7.0
Fighting       | 3 4 6 |  6.9
Throwing       | |  0.8
Armour         | |  0.8
Dodging        | |  1.5
Spellcasting   | |  2.0
Translocations | |  3.0

Action                   |  1- 3 |  4- 6 |  7- 9 || total
-------------------------+-------+-------+-------++-------
Melee: Mace              |    26 |    54 |     6 ||    86
       Whip              |       |       |    84 ||    84
       Dire flail        |       |       |    33 ||    33
 Fire: Hunting sling     |    39 |   168 |    95 ||   302
 Cast: Blink             |       |     3 |     1 ||     4
       Shroud of Golubri |       |     5 |    15 ||    20
 Abil: Spit Poison       |     5 |    15 |    26 ||    46
  Use: Scroll            |       |    13 |     6 ||    19
       Potion            |       |       |     1 ||     1
  Eat: Chunk             |     2 |    10 |     6 ||    18
       Beef jerky        |       |       |     1 ||     1
Armor: Leather armour    |     1 |    38 |    38 ||    77
Dodge: Dodged            |    12 |    77 |    75 ||   164
